 Dungeon Crawl Stone Soup version 0.31-a0-214-gb37851d (webtiles) character file.

Game seed: 11266304302746330319

51 lyrin the Shooter (level 3, -9/20 HPs)
             Began as a Deep Elf Hexslinger on July 1, 2023.
             Killed by nerve-wracking pain
             ... invoked by Jessica
              (14 damage)
             ... on level 2 of the Dungeon.
             The game lasted 00:01:26 (926 turns).

lyrin the Shooter (Deep Elf Hexslinger)              Turns: 926, Time: 00:01:26

Health: -9/20      AC: 11    Str:  5    XL:     3   Next: 57%
Magic:  7/7        EV: 12    Int: 17    God:
Gold:   61         SH:  0    Dex: 19    Spells: 4/5 levels left

rFire   . . .        h - +0 shortbow
rCold   . . .        (shield currently unavailable)
rNeg    . . .        m - +1 leather armour {rPois}
rPois   +            (no helmet)
rElec   .            (no cloak)
rCorr   .            (no gloves)
SInv    .            d - +2 pair of boots
Will    .....        (no amulet)
Stlth   +            j - +4 ring of protection
HPRegen 0.23/turn    (no ring)
MPRegen 0.10/turn

%: no passive effects
@: no status effects
A: no striking features
a: no special abilities


You were on level 2 of the Dungeon.
You visited 1 branch of the dungeon, and saw 2 of its levels.

You collected 61 gold pieces.

Inventory:

Hand Weapons
 a - a +1 sling
 h - a +0 shortbow (weapon)
Missiles
 e - 2 poisoned darts
Armour
 d - a +2 pair of boots (worn)
 m - a +1 leather armour of poison resistance (worn)
Jewellery
 j - a +4 ring of protection (left hand)
Scrolls
 b - a scroll of poison
 g - 2 scrolls of teleportation {unknown}
 i - 2 scrolls of identify {unknown}
 k - a scroll of immolation {unknown}
Potions
 f - a potion of heal wounds {unknown}
 l - a potion of resistance {unknown}


   Skills:
 + Level 1.1 Fighting
 + Level 4.8 Ranged Weapons
 + Level 3.0 Dodging
 - Level 1.5 Spellcasting
 - Level 4.0 Hexes


You had 4 spell levels left.
You knew the following spells:

 Your Spells              Type           Power      Damage    Failure   Level
a - Slow                  Hex            56%        N/A       7%          1

Your spell library contained the following spells:

 Spells                   Type           Power      Damage    Failure   Level
 Inner Flame              Hex/Fire       8%         N/A       41%         3
 Portal Projectile        Hex/Tloc       16%        N/A       41%         3
 Cause Fear               Hex            7%         N/A       54%         4
 Volatile Blastmotes      Fire/Tloc      2%         2d10      71%         3
 Fulminant Prism          Conj/Hex       4%         3d5       83%         4
 Iskenderun's Mystic Bla  Conj/Tloc      1%         2d3       98%         4
 Lee's Rapid Deconstruct  Erth           0%         3d4*      100%        5


Dungeon Overview and Level Annotations

Branches:
Dungeon (2/15)

Altars:

Annotations:
D:2 Jessica


Message History

You shoot an arrow.
The arrow hits Jessica but does no damage.
Jessica is almost dead.
The bat hits you but does no damage.
Jessica mumbles some strange words.
Jessica seems to speed up.
Jessica misses you.
You shoot an arrow. The arrow barely misses Jessica.
The bat hits you but does no damage. Jessica closely misses you.
Jessica hits you but does no damage.
You shoot an arrow. The arrow barely misses Jessica.
The bat hits you. Jessica barely misses you. The bat closely misses you.
You shoot an arrow. The arrow barely misses Jessica.
The bat hits you but does no damage. Jessica misses you.
The bat barely misses you. Jessica hits you with a +0 dagger.
You shoot an arrow. The arrow closely misses Jessica.
The bat closely misses you.
Jessica gestures wildly while chanting.
Jessica blinks!
You shoot an arrow. The arrow misses the bat.
The bat hits you but does no damage. The bat misses you.
You shoot an arrow. The arrow hits the bat.
You kill the bat!
Jessica points at you and mumbles some strange words.
Pain shoots through your body!
Ouch! That really hurt!
* * * LOW HITPOINT WARNING * * *
You are too injured to fight recklessly!
You are too injured to fight recklessly!
You are too injured to fight recklessly!
Unknown command.
You close the door.
Jessica opens the door.
You are too injured to fight recklessly!
Fire: h) +0 shortbow
Press: ? - help, Q - select action, (/) - cycle Shift-Dir - straight line, f - Jessica
Aim: Jessica, wielding a +0 dagger and wearing a +2 robe (almost dead, fast, 63% to hit)
You shoot an arrow. The arrow barely misses Jessica.
Jessica gestures at you while chanting. Pain shoots through your body!
Ouch! That really hurt!
You die...

.. ######.
.......
..#... ....##
##########
.......
.........#
.###...
......@.†#
....... ##'#
##.....#
#.@## #.#..#
#..8########
#....#
##...)...'.##
# ..#.#
#.......#..#
###..#.#
#..8######..#
.......#
#..## ##....#
...#.#.# ##+#
#.....#
.......##
##....#
##.#.#..#
#....#


You could see Jessica (fast).

Vanquished Creatures
  Natasha (D:2)
  A giant cockroach (D:2)
  5 hobgoblins (D:1)
  3 jackals (D:1)
  A kobold (D:1)
  2 quokkas
  3 ball pythons
  4 bats (D:2)
  2 frilled lizards (D:1)
  A goblin (D:2)
  A rat (D:1)
24 creatures vanquished.

Notes
Turn   | Place    | Note
-------+----------+-------------------------------------------
     0 | D:1      | lyrin the Deep Elf Hexslinger began the quest for the Orb.
     0 | D:1      | Reached XP level 1. HP: 11/11 MP: 5/5
   293 | D:1      | Reached XP level 2. HP: 16/16 MP: 6/6
   792 | D:2      | Noticed Natasha
   799 | D:2      | Killed Natasha
   800 | D:2      | Reached skill level 1 in Fighting
   800 | D:2      | Reached XP level 3. HP: 20/20 MP: 7/7
   909 | D:2      | Noticed Jessica
   926 | D:2      | Killed from afar by Jessica

Illustrated notes

Levels and vault maps discovered:
D:1:      spicycebolla_arrival_xxxplode, layout_loops_ring
D:2:      minmay_chambers_of_twos, layout_rooms, uniq_natasha, uniq_jessica

Skill      XL: |  1  2 |
---------------+-------+-----
Ranged Weapons | 3 4 |  4.8
Fighting       | 1 |  1.1
Dodging        | 3 |  3.0
Spellcasting   | |  1.5
Hexes          | |  4.0

Action                     || total
---------------------------++-------
   Fire: Sling             ||    19
         Shortbow          ||    58
 Armour: Robe              ||     9
         Leather armour    ||    11
  Dodge: Dodged            ||    39

Table legend: (Time is in decaauts)
 A = Elapsed time spent in this place.
 B = Non-inter-level travel time spent in this place.
 C = Inter-level travel time spent in this place.
 D = Time resting spent in this place.
 E = Time spent auto-exploring this place.
 F = Levels seen in this place.
 G = Mean time per level.
                   A        B        C        D        E       F      G
               +--------+--------+--------+--------+--------+-----+--------+
         Total |    942 |    908 |     34 |      0 |    733 |   2 |  471.0 |
       Dungeon |    942 |    908 |     34 |      0 |    733 |   2 |  471.0 |
               +--------+--------+--------+--------+--------+-----+--------+

Top non-repeatable levels by time:
     D:1: 792 daAuts
     D:2: 150 daAuts
